 Dungeon Crawl Stone Soup version 0.32-a0-702-gc29ba85809 (webtiles) character file.

Game seed: 6917116016869979665

4 Revguard the Ducker (level 1, 0/16 HPs)
             Began as a Demonspawn Gladiator on Mar 14, 2024.
             Slain by a kobold
             ... wielding a +0 dagger
              (1 damage)
             ... on level 1 of the Dungeon.
             The game lasted 00:00:36 (45 turns).

Revguard the Ducker (Demonspawn Gladiator)            Turns: 45, Time: 00:00:36

Health: 0/16       AC:  4    Str: 14    XL:     1   Next: 50%
Magic:  1/1        EV: 11    Int:  8    God:
Gold:   0          SH:  0    Dex: 14    Spells: 0/0 levels left

rFire   . . .        a - +0 long sword
rCold   . . .        (no shield)
rNeg    . . .        b - +0 leather armour
rPois   .            c - +0 helmet
rElec   .            (no cloak)
rCorr   .            (no gloves)
SInv    .            (no boots)
Will    .....        (no amulet)
Stlth   +            (no ring)
HPRegen 0.22/turn    (no ring)
MPRegen 0.07/turn

%: no passive effects
@: no status effects
A: no striking features
a: no special abilities


You were on level 1 of the Dungeon.
You visited 1 branch of the dungeon, and saw 1 of its levels.

Inventory:

Hand Weapons
 a - a +0 long sword (weapon)
Missiles
 d - 2 throwing nets (quivered)
 e - a javelin
Armour
 b - a +0 leather armour (worn)
 c - a +0 helmet (worn)


   Skills:
 + Level 2.0 Fighting
 + Level 2.7 Long Blades
 - Level 1.7 Throwing
 + Level 0.2 Armour
 + Level 2.7 Dodging
 + Level 0.2 Evocations


You couldn't memorise any spells.
You didn't know any spells.
Your spell library was empty.

Dungeon Overview and Level Annotations

Branches:
Dungeon (1/15)

Altars:


Message History

The jackal misses you.
The jackal bites you but does no damage.
The ball python completely misses the plant.
The ball python grabs the plant.
The ball python constricts the plant.
The jackal bites you but does no damage.
The jackal bites you.
* * * LOW HITPOINT WARNING * * *
The ball python loses its grip on the plant.
The jackal closely misses you.
The jackal bites you but does no damage.
The ball python bites the plant.
The plant begins to die.
The ball python grabs the plant.
The ball python constricts the plant.
There is an open door, spattered with blood here.
The ball python bites the plant.
The ball python constricts the plant.
You barely miss the jackal.
A nearby plant withers and dies.
The jackal barely misses you.
The kobold hits the plant with a +0 dagger.
The ball python bites the plant.
The ball python constricts the plant.
You slash the jackal!
You kill the jackal!
A nearby plant withers and dies.
The ball python loses its grip on the plant.
The jackal barely misses you. x2; The kobold barely misses you.
You barely miss the kobold.
The jackal bites you but does no damage.
The kobold hits you but does no damage. The jackal bites you.
* * * LOW HITPOINT WARNING * * *
You barely miss the kobold.
The jackal bites you but does no damage.
The kobold hits you with a +0 dagger.
* * * LOW HITPOINT WARNING * * *
Unknown command.
You hit the jackal.
You kill the jackal!
The kobold hits you but does no damage.
Unknown command.
You hit the kobold.
The kobold is severely wounded.
The kobold hits you with a +0 dagger.
You die...

...#..♣P.#.P#.♣P#
.........####..P#
.........P.#P..P#
....P.?....'..<♣#
.....♣.♣Bg.'...P#
>.. .P.P...#...♣#
. .h....K####..♣#
S........#P.#B..#
h......♣.#(@KSg##
...#.♣...#♣#####
..!..♣P.P#


You could see a giant cockroach, a hobgoblin, a ball python and a kobold.

Vanquished Creatures
  3 jackals (D:1)
3 creatures vanquished.

Notes
Turn   | Place    | Note
-------+----------+-------------------------------------------
     0 | D:1      | Revguard the Demonspawn Gladiator began the quest for the
                  | Orb.
     0 | D:1      | Reached XP level 1. HP: 16/16 MP: 1/1
    45 | D:1      | Slain by a kobold

Illustrated notes

Levels and vault maps discovered:
D:1:      denvon_arrival_planthouse, layout_rooms,
          hellmonk_ecumenical_altar_zigzags

Action                     || total
---------------------------++-------
  Melee: Long sword        ||    12
  Throw: Throwing net      ||     1
 Armour: Leather armour    ||    27
  Dodge: Dodged            ||    23

Table legend: (Time is in decaauts)
 A = Elapsed time spent in this place.
 B = Non-inter-level travel time spent in this place.
 C = Inter-level travel time spent in this place.
 D = Time resting spent in this place.
 E = Time spent auto-exploring this place.
 F = Levels seen in this place.
 G = Mean time per level.
                   A        B        C        D        E       F      G
               +--------+--------+--------+--------+--------+-----+--------+
         Total |     48 |     48 |      0 |      0 |     16 |   1 |   48.0 |
       Dungeon |     48 |     48 |      0 |      0 |     16 |   1 |   48.0 |
               +--------+--------+--------+--------+--------+-----+--------+

Top non-repeatable levels by time:
     D:1: 48 daAuts
